 Dungeon Crawl Stone Soup version 0.17-a0-1831-gaadb308 (webtiles) character file.

139424 shakdrar the Stickfighter (level 16, -6/149 HPs)
             Began as a Minotaur Berserker on Sept 11, 2015.
             Was the Champion of Trog.
             Mangled by a starcursed mass (8 damage)
             ... on level 1 of the Abyss on Sept 14, 2015.
             The game lasted 02:39:55 (31181 turns).

shakdrar the Stickfighter (Minotaur Berserker)     Turns: 31181, Time: 02:39:55

Health: -6/149     AC: 30    Str: 22    XL:     16   Next: 73%
Magic:  0/22       EV: 15    Int:  6    God:    Trog [******]
Gold:   867        SH:  0    Dex: 15    Spells: 0 memorised, 15 levels left

rFire  + + +     SeeInvis +     k - +3 Elemental Staff {rElec rF++ rC++ MR++ AC+5}
rCold  + + +     Clarity  .     a - +4 chain mail "Hashao Xetwu" {rF+ Slay+6}
rNeg   . . .     SustAt   .     (no shield)
rPois  .         Gourm    .     Z - +1 hat {SInv}
rElec  +         Spirit   +     E - +0 cloak
rCorr  .         Warding  .     o - +1 pair of gloves
rMut   .         Stasis   .     W - +2 pair of boots
MR     +++++                    D - amulet of guardian spirit
Stlth  ..........               O - ring of protection from cold
                                e - +5 ring of slaying

@: exhausted, recuperating, mildly diseased, slowed, very slow, almost entirely
resistant to hostile enchantments, extremely unstealthy
A: retaliatory headbutt, horns 2, fire resistance 1
a: Burn Spellbooks, Berserk, Trog's Hand, Brothers in Arms, Renounce Religion


You were on level 1 of the Abyss.
You worshipped Trog.
Trog was exalted by your worship.
You were not hungry.

You visited 5 branches of the dungeon, and saw 27 of its levels.
You visited the Abyss 1 time.
You visited 1 bazaar.
You also visited: Sewer, Bailey, Ice Cave and Volcano.

You collected 3134 gold pieces.
You spent 2267 gold pieces at shops.

Inventory:

Hand weapons
 d - a +0 mace of holy wrath
 h - a +7 lajatang of electrocution
 k - the +3 Elemental Staff (weapon) {rElec rF++ rC++ MR++ AC+5}
   (You found it on level 1 of the Lair of Beasts)

   It affects your AC (+5).
   It greatly protects you from fire.
   It greatly protects you from cold.
   It insulates you from electricity.
   It affects your resistance to hostile enchantments.
 I - a +2 antimagic lajatang
 K - a +3 war axe of venom
 L - a +2 battleaxe of flaming
 X - the +8 quarterstaff of Popsoun {freeze, rN+ Str+2}
   (Trog gifted it to you on level 3 of the Lair of Beasts)

   It has been specially enchanted to freeze those struck by it, causing extra
   injury to most foes and up to half again as much damage against particularly
   susceptible opponents.
   It can also slow down cold-blooded creatures.
   It affects your strength (+2).
   It protects you from negative energy.
 Y - a +3 arbalest of flaming
Missiles
 u - 52 bolts of flame
 C - 27 bolts of penetration
 G - 36 silver bolts
Armour
 a - the +4 chain mail "Hashao Xetwu" (worn) {rF+ Slay+6}
   (You bought it in a shop on level 4 of the Orcish Mines)

   It affects your accuracy and damage with ranged weapons and melee attacks
   (+6).
   It protects you from fire.
 o - a +1 pair of gloves (worn)
 y - the +6 scale mail "Poytzaup" {rElec Str-3 Dex+2}
   (You bought it in a shop in a bazaar)

   It affects your strength (-3).
   It affects your dexterity (+2).
   It insulates you from electricity.
 E - a +0 cloak (worn)
 W - a +2 pair of boots (worn)
 Z - a +1 hat of see invisible (worn)
Jewellery
 e - a +5 ring of slaying (left hand)
 i - an uncursed ring of invisibility
 D - an amulet of guardian spirit (around neck)
 O - a ring of protection from cold (right hand)
 P - the ring "Opulewko" {rF+ Str+4 Int-3 Dex+3 Stlth-}
   (You found it on level 2 of the Elven Halls)

   [ring of loudness]

   It affects your strength (+4).
   It affects your intelligence (-3).
   It affects your dexterity (+3).
   It protects you from fire.
   It makes you less stealthy.
 V - an uncursed ring of poison resistance
Magical devices
 n - a wand of teleportation (6)
 r - a wand of fire (6)
 t - a wand of digging (5)
 z - a wand of confusion (24)
 J - a wand of cold (4)
 M - a wand of hasting (4)
 U - a wand of fireball (5)
Scrolls
 g - 2 scrolls of recharging
 p - a scroll of holy word
 q - 3 scrolls of magic mapping
 A - 6 scrolls of teleportation
 F - a scroll of enchant armour
Potions
 b - 9 potions of curing
 j - a potion of agility
 l - 2 potions of invisibility
 v - 3 potions of flight
 w - 4 potions of might
 x - a potion of resistance
 B - a potion of brilliance
 Q - a potion of cancellation
Books
 s - a book of Unlife

   Spells                             Type                      Level
   a - Recall                         Summoning/Translocation      3
   b - Animate Dead                   Necromancy                   4
   c - Control Undead                 Necromancy                   4
   d - Cigotuvi's Embrace             Necromancy                   5
   e - Death Channel                  Necromancy                   6
   f - Simulacrum                     Ice/Necromancy               6
   Trog disapproves of the use of such an item.
 N - a book of Conjurations

   Spells                             Type                      Level
   a - Magic Dart                     Conjuration                  1
   b - Searing Ray                    Conjuration                  2
   c - Dazzling Spray                 Conjuration/Hexes            3
   d - Fulminant Prism                Conjuration/Hexes            4
   e - Iskenderun's Mystic Blast      Conjuration                  4
   f - Iskenderun's Battlesphere      Conjuration/Charms           5
   Trog disapproves of the use of such an item.
 R - a book of Alchemy

   Spells                             Type                      Level
   a - Sublimation of Blood           Necromancy                   2
   b - Ignite Poison                  Fire/Transmutation/Poison    3
   c - Alistair's Intoxication        Transmutation/Poison         4
   d - Condensation Shield            Ice                          4
   e - Petrify                        Transmutation/Earth          4
   f - Irradiate                      Conjuration/Transmutation    5
   Trog disapproves of the use of such an item.
 T - Bobbapleom's Grimoire of Attacks and Flight
   (You found it on level 11 of the Dungeon)

   Spells                             Type                      Level
   a - Sting                          Conjuration/Poison           1
   b - Shock                          Conjuration/Air              1
   c - Stone Arrow                    Conjuration/Earth            3
   d - Throw Icicle                   Conjuration/Ice              4
   e - Force Lance                    Conjuration/Translocation    4
   f - Conjure Ball Lightning         Conjuration/Air              6
   Trog disapproves of the use of such an item.
Comestibles
 c - 3 bread rations
 f - 5 meat rations
 m - a beef jerky
 H - a slice of pizza


   Skills:
 + Level 15.0 Fighting
 - Level 11.5 Axes
 + Level 17.5 Staves
 - Level 10.4 Crossbows
 + Level 13.7 Armour
 + Level 12.9 Dodging
 - Level 10.0 Evocations


You had 15 spell levels left.
You didn't know any spells.

Dungeon Overview and Level Annotations

Branches:
Dungeon (12/15)            Temple (1/1) D:5            Lair (8/8) D:11
  Swamp (0/4) Lair:5       Spider (0/4) Lair:4        Slime (0/6) Lair:8
    Orc (4/4) D:12            Elf (2/3) Orc:3

Altars:
Cheibriados
Elyvilon
Fedhas
Kikubaaqudgha
Makhleb
Nemelex Xobeh
Okawaru
Qazlal
Sif Muna
Trog
Vehumet
Xom
Zin
Beogh
Jiyva

Shops:
D:11 [[**   Orc:4 [![=?   Elf:2 =

Portals:
Trove: D:12 (show slimy rune of Zot)

Annotations:
Lair:4 exclusion: oklob plant
Lair:5 exclusion: oklob plant
Lair:6 exclusion: oklob plant
Lair:7 exclusion: oklob plant
Lair:8 1 runed door
Elf:2 Jorgrun


Innate Abilities, Weirdness & Mutations

You reflexively headbutt those who attack you in melee.
You have a pair of horns on your head.
Your flesh is heat resistant.


Message History

The living lightning hits you! You resist.
* * * LOW HITPOINT WARNING * * *
The living lightning misses you.
The raiju blinks!
You thump the raiju! You freeze the raiju.
You kill the raiju!
Trog accepts your kill.
A starcursed mass splits.
A starcursed mass splits. x2
A tentacled starspawn comes into view.
A chorus of shrieks assaults your mind.
* * * LOW HITPOINT WARNING * * *
A deafening chorus of shrieks assaults your mind!
* * * LOW HITPOINT WARNING * * *
You suddenly lose the ability to move!
The starcursed mass engulfs you but does no damage.
You can move again.
A deafening chorus of shrieks assaults your mind!
* * * LOW HITPOINT WARNING * * *
The starcursed mass engulfs you!
You die...

#. . ##. # .. . #
. . ## . ##
.###.##
#.##...(.###
##.....(...#
#...@....... #
##..X###..... #
#.XX#...#.... #.
#XXX#X#..D#.# ..
#...#.X.....# ..
. #...#.......#
......
#†..#....####
.....(.†.†##.#.#
......#..#†.....#


You could see 5 starcursed masses and a tentacled starspawn.

Vanquished Creatures
  A tentacled starspawn (Abyss:1)
  Gastronok (D:12)
  Donald (Orc:4)
  A frost giant (IceCv)
  4 very ugly things (Abyss:1)
  A stone giant (Orc:3)
  A deep elf annihilator (Elf:2)
  Azrael (Orc:4)
  Josephine (Lair:7)
  A vault guard (D:12)
  Fannar (D:10)
  Harold (D:12)
  9 hydras
  3 catoblepae (Lair:8)
  Erica (D:8)
  12 dancing weapons (Elf:2)
  The ghost of Loris the Martial Artist, a powerful MfTm of Okawaru (Lair:1)
  3 orc high priests (Orc:4)
  17 death yaks
  3 thrashing horrors (Abyss:1)
  Urug (D:12)
  A queen ant (Lair:1)
  Nergalle (D:10)
  13 deep elf knights
  A wretched star (Abyss:1)
  An unseen horror (D:10)
  A swamp dragon (Lair:5)
  An ice statue (IceCv)
  5 deep elf summoners
  6 deep elf conjurers
  6 hill giants
  5 orc knights
  2 wolf spiders (Lair:4)
  5 orc sorcerers
  7 ugly things
  3 toenail golems (Volcano)
  6 black mambas
  Joseph (D:8)
  6 elephants (Lair:7)
  A torpor snail (Lair:8)
  3 small abominations
  A gargoyle (D:10)
  11 komodo dragons
  An efreet (D:9)
  8 spiny frogs
  A kobold demonologist (Sewer)
  9 deep elf priests
  4 fire drakes
  3 trolls
  A freezing wraith (Abyss:1)
  Grinder (Sewer)
  4 raiju (Abyss:1)
  21 polar bears
  A queen bee (Lair:5)
  3 large abominations (Abyss:1)
  6 blink frogs
  A trapdoor spider (D:11)
  2 redbacks (Lair:4)
  A boulder beetle (Lair:6)
  A shadow (D:9)
  19 deep elf magi
  A spriggan (Lair:3)
  4 fire elementals (Orc:4)
  5 wraiths (Lair:7)
  14 deep elf fighters
  76 yaks
  3 wyverns
  6 humans (Volcano)
  3 hungry ghosts
  A basilisk (Lair:2)
  4 hippogriffs
  3 wargs
  36 wolves
  5 soldier ants (Lair:1)
  The ghost of dadoka the Insei, an average OpTm (D:3)
  A steam dragon (D:9)
  2 sky beasts
  17 water moccasins
  10 porcupines
  8 ice beasts
  A hydra simulacrum (Abyss:1)
  4 phantoms
  3 black bears
  A spider (Lair:4)
  31 orc warriors
  An eye of draining (D:8)
  A necrophage (D:5)
  2 wasps
  7 ogres
  5 centaurs
  22 crocodiles
  16 giant frogs
  3 big kobolds
  A gnoll sergeant (D:10)
  A wyvern zombie (D:9)
  7 scorpions
  4 electric eels
  36 killer bees
  6 crimson imps
  A centaur zombie (D:7)
  2 centaur skeletons
  2 lava snakes (Lair:3)
  A giant frog zombie (D:10)
  15 orc priests
  2 giant frog skeletons
  2 quasits (D:11)
  4 hounds
  A jelly (D:11)
  35 worker ants
  26 orc wizards
  12 iguanas
  An iron imp (Abyss:1)
  6 sheep (Lair:4)
  A killer bee zombie (D:11)
  3 big kobold zombies (Sewer)
  A hound zombie (D:9)
  A worker ant zombie (D:11)
  Robin (D:4)
  12 adders
  11 gnolls
  68 river rats
  6 shadow imps (Sewer)
  12 white imps (Lair:4)
  3 ufetubi
  4 oozes (Sewer)
  3 worms
  2 adder skeletons
  5 giant geckos
  147 orcs
  5 ball pythons
  21 bats
  5 giant cockroaches
  18 goblins
  8 hobgoblins
  15 jackals
  3 quokkas
  5 giant newts
  27 kobolds
  2 kobold zombies (Sewer)
  A quokka zombie (D:5)
  18 rats
  24 fungi
  24 plants
1157 creatures vanquished.

Vanquished Creatures (collateral kills)
  A tentacled starspawn (Abyss:1)
  A shadow dragon skeleton (Abyss:1)
  An ancient zyme (Abyss:1)
  A raiju (Abyss:1)
  A neqoxec (Abyss:1)
  A small abomination (Abyss:1)
  2 starspawn tentacles (Abyss:1)
8 creatures vanquished.

Vanquished Creatures (others)
  A yak (D:9)
  A giant frog (D:8)
  A giant cockroach (Sewer)
  A fungus (Lair:4)
  A lurking horror (Abyss:1)
  5 plants
  5 starspawn tentacles (Abyss:1)
  18 starspawn tentacle segments (Abyss:1)
33 creatures vanquished.

Grand Total: 1198 creatures vanquished

Notes
Turn   | Place    | Note
--------------------------------------------------------------
     0 | D:1      | shakdrar the Minotaur Berserker began the quest for the Orb.
     0 | D:1      | Reached XP level 1. HP: 19/19 MP: 0/0
   213 | D:1      | Reached XP level 2. HP: 27/27 MP: 1/1
   475 | D:1      | You fall through a shaft!
   505 | D:2      | Reached skill level 4 in Axes
   625 | D:2      | Reached XP level 3. HP: 26/33 MP: 2/2
   688 | D:2      | Acquired Trog's second power
  1205 | D:2      | Found an iron altar of Okawaru.
  1287 | D:2      | Found a radiant altar of Vehumet.
  1306 | D:2      | Reached XP level 4. HP: 35/40 MP: 3/3
  1922 | D:3      | Reached XP level 5. HP: 8/47 MP: 4/4
  2227 | D:3      | Noticed a water moccasin
  2240 | D:3      | Killed a water moccasin
  2240 | D:3      | Reached skill level 5 in Axes
  2264 | D:3      | Noticed dadoka's ghost (average OpTm)
  2357 | D:3      | Killed dadoka's ghost
  2357 | D:3      | Reached skill level 5 in Fighting
  2357 | D:3      | Reached XP level 6. HP: 56/56 MP: 5/5
  2552 | D:3      | Gained mutation: You are weak. (Str -2) [potion of mutation]
  2552 | D:3      | Gained mutation: You possess an exceptional clarity of mind. [potion of mutation]
  2552 | D:3      | Lost mutation: You possess an exceptional clarity of mind. [potion of mutation]
  3003 | D:4      | Noticed Robin
  3019 | D:4      | Killed Robin
  3065 | D:4      | Reached XP level 7. HP: 57/61 MP: 6/6
  3068 | D:4      | Reached skill level 5 in Armour
  3071 | D:4      | Reached skill level 6 in Axes
  3428 | D:4      | Found a bloodstained altar of Trog.
  3757 | D:5      | Entered Level 5 of the Dungeon
  3764 | D:5      | Found a blossoming altar of Fedhas.
  3772 | D:5      | Reached skill level 5 in Dodging
  3922 | D:5      | Acquired Trog's third power
  4082 | D:5      | Found a sparkling altar of Nemelex Xobeh.
  4308 | D:5      | Reached XP level 8. HP: 71/71 MP: 7/7
  4395 | D:5      | Found a glowing drain.
  4411 | Sewer    | Entered a sewer
  4614 | Sewer    | Found a burning altar of Makhleb.
  4628 | Sewer    | Noticed an apprentice kobold demonologist
  4637 | Sewer    | Killed an apprentice kobold demonologist
  4637 | Sewer    | Reached skill level 7 in Fighting
  4725 | Sewer    | Noticed Grinder
  4731 | Sewer    | Killed Grinder
  5047 | D:5      | Found a staircase to the Ecumenical Temple.
  5480 | D:6      | Reached XP level 9. HP: 75/80 MP: 8/8
  5914 | D:7      | Reached skill level 8 in Axes
  6303 | D:7      | Found a burning altar of Makhleb.
  6838 | D:7      | Found a shimmering altar of Xom.
  7145 | D:8      | Noticed Erica
  7154 | D:8      | Killed Erica
  7154 | D:8      | Reached skill level 9 in Fighting
  7180 | D:8      | Reached XP level 10. HP: 91/91 MP: 0/9
  7468 | D:8      | Found a glowing silver altar of Zin.
  7475 | D:8      | Found a stormy altar of Qazlal.
  7478 | D:8      | Found a snail-covered altar of Cheibriados.
  7666 | D:8      | Noticed Joseph
  7679 | D:8      | Killed Joseph
  7938 | D:9      | Reached skill level 1 in Evocations
  8266 | D:9      | Found a white marble altar of Elyvilon.
  8286 | D:9      | Reached skill level 5 in Evocations
  8512 | D:9      | Found a deep blue altar of Sif Muna.
  8606 | D:10     | Entered Level 10 of the Dungeon
  8872 | D:10     | Noticed a hill giant
  8881 | D:10     | Killed a hill giant
  8881 | D:10     | Reached XP level 11. HP: 60/99 MP: 13/15
  8889 | D:10     | Killed an unseen horror
  8908 | D:10     | Noticed Nergalle
  9236 | D:10     | Received a gift from Trog
  9301 | D:10     | Noticed Fannar
  9311 | D:10     | Killed Fannar
  9368 | D:10     | Killed Nergalle
  9437 | D:10     | Noticed a hill giant
  9443 | D:10     | Killed a hill giant
  9718 | D:10     | Noticed a hill giant
  9726 | D:10     | Killed a hill giant
  9807 | D:10     | Noticed a hill giant
  9816 | D:10     | Killed a hill giant
 10169 | D:11     | Noticed a five-headed hydra
 10176 | D:11     | Killed a one-headed hydra
 10176 | D:11     | Reached skill level 5 in Crossbows
 10218 | D:11     | Identified Bobbapleom's Grimoire of Attacks and Flight
 10255 | D:11     | Found a staircase to the Lair.
 10490 | D:11     | Found Lyan's Antique Armour Shoppe.
 10496 | D:11     | Bought a pair of glowing boots for 135 gold pieces
 10503 | D:11     | Found Jishri's Antique Armour Boutique.
 10512 | D:11     | Bought a pair of bloodstained boots for 256 gold pieces
 10522 | D:11     | Identified the +0 pair of boots "Tahen" {MR+ Str+2 Int+5 Dex-5} (You bought it in a shop on level 11 of the Dungeon)
 10698 | D:11     | Found Leon Byr's General Store.
 10709 | D:11     | Bought a potion of degeneration for 13 gold pieces
 11047 | D:11     | Reached skill level 10 in Axes
 11069 | D:11     | Found Pyric's Assorted Antiques.
 11121 | D:12     | Reached skill level 10 in Fighting
 11126 | D:12     | Reached skill level 10 in Armour
 11435 | D:12     | Reached XP level 12. HP: 101/106 MP: 17/17
 11453 | D:12     | Received a gift from Trog
 11538 | D:12     | Noticed Gastronok
 11548 | D:12     | Killed Gastronok
 11692 | D:12     | Noticed a hill giant
 11697 | D:12     | Killed a hill giant
 11723 | D:12     | Noticed Urug
 11731 | D:12     | Killed Urug
 12089 | D:12     | Found a staircase to the Orcish Mines.
 12353 | D:12     | Reached skill level 10 in Dodging
 12395 | D:12     | Noticed a vault guard
 12404 | D:12     | Killed a vault guard
 12450 | D:12     | Found a portal to a secret trove of treasure.
 12545 | D:12     | Noticed Harold
 12558 | D:12     | Killed Harold
 12558 | D:12     | Reached skill level 11 in Fighting
 12674 | Lair:1   | Entered Level 1 of the Lair of Beasts
 12887 | Lair:1   | Noticed a four-headed hydra
 12901 | Lair:1   | Killed a one-headed hydra
 13215 | Lair:1   | Received a gift from Trog
 13248 | Lair:1   | Noticed Loris's ghost (powerful MfTm)
 13264 | Lair:1   | Killed Loris's ghost
 13402 | Lair:1   | Reached skill level 5 in Staves
 13473 | Lair:1   | Received a gift from Trog
 13789 | Lair:1   | Reached XP level 13. HP: 116/116 MP: 18/18
 14812 | Lair:3   | Received a gift from Trog
 14821 | Lair:3   | Got an ichor-stained quarterstaff {god gift}
 14822 | Lair:3   | Identified the +8 quarterstaff of Popsoun {freeze, rN+ Str+2} (Trog gifted it to you on level 3 of the Lair of Beasts)
 15425 | Lair:4   | Found a frozen archway.
 15447 | IceCv    | Entered an ice cave
 15500 | IceCv    | Reached skill level 10 in Staves
 15661 | IceCv    | Received a gift from Trog
 15940 | IceCv    | Received a gift from Trog
 16177 | IceCv    | Reached skill level 12 in Staves
 16489 | IceCv    | Noticed a frost giant
 16496 | IceCv    | Reached skill level 13 in Staves
 16499 | IceCv    | Received a gift from Trog
 16512 | IceCv    | Killed a frost giant
 16754 | IceCv    | Identified the Grimoire of Execration and Envenoming
 17012 | Lair:4   | Reached XP level 14. HP: 110/125 MP: 19/19
 17231 | Lair:4   | Lost mutation: You are weak. (Str -2) [potion of cure mutation]
 17693 | Lair:4   | Found a hole to the Spider Nest.
 18509 | Lair:5   | Received a gift from Trog
 18627 | Lair:5   | Found a staircase to the Swamp.
 19709 | Lair:7   | Noticed Josephine
 19717 | Lair:7   | Killed Josephine
 19794 | Lair:7   | Received a gift from Trog
 20088 | Lair:7   | Received a gift from Trog
 20197 | Lair:7   | Received a gift from Trog
 20488 | Lair:7   | Reached skill level 10 in Evocations
 20652 | Lair:8   | Entered Level 8 of the Lair of Beasts
 20652 | Lair:8   | Found a runed door.
 20652 | Lair:8   | Found a viscous altar of Jiyva.
 20652 | Lair:8   | Noticed an azure jelly
 20652 | Lair:8   | Noticed an azure jelly
 20688 | Lair:8   | Reached skill level 14 in Staves
 20898 | Lair:8   | Reached XP level 15. HP: 115/135 MP: 21/21
 20949 | Lair:8   | Received a gift from Trog
 21368 | Lair:8   | Found a staircase to the Slime Pits.
 21369 | Lair:8   | Noticed an azure jelly
 21389 | Lair:8   | Found a dark tunnel.
 21401 | Volcano  | Entered a volcano
 22265 | Lair:8   | Reached skill level 15 in Staves
 22292 | Lair:8   | Identified a +4 rod of clouds (12/12) (You found it on level 8 of the Lair of Beasts)
 22859 | Orc:1    | Entered Level 1 of the Orcish Mines
 23167 | Orc:2    | Found a roughly hewn altar of Beogh.
 23217 | Orc:2    | Received a gift from Trog
 23260 | Orc:2    | Found a flagged portal.
 23270 | Bailey   | Entered a bailey
 24430 | Orc:3    | Found a staircase to the Elven Halls.
 25680 | Orc:4    | Entered Level 4 of the Orcish Mines
 25722 | Orc:4    | Received a gift from Trog
 25742 | Orc:4    | Noticed Azrael
 25753 | Orc:4    | Killed Azrael
 25818 | Orc:4    | Found Padwaepn's Magic Scroll Shop.
 25877 | Orc:4    | Noticed Donald
 25885 | Orc:4    | Killed Donald
 26047 | Orc:4    | Found Zatabim's Jewellery Shoppe.
 26047 | Orc:4    | Found Qiakledi's Armour Shoppe.
 26051 | Orc:4    | Found Onimeub's Distillery.
 26051 | Orc:4    | Found Plog's Antique Armour Boutique.
 26056 | Orc:4    | Reached skill level 10 in Crossbows
 26059 | Orc:4    | Received a gift from Trog
 26088 | Orc:4    | Reached skill level 16 in Staves
 26431 | Orc:4    | Bought a potion of beneficial mutation for 560 gold pieces
 26431 | Orc:4    | Bought a potion of resistance for 160 gold pieces
 26431 | Orc:4    | Gained mutation: Your flesh is heat resistant. [potion of beneficial mutation]
 26441 | Orc:4    | Bought a translucent chain mail for 266 gold pieces
 26447 | Orc:4    | Identified the +4 chain mail "Hashao Xetwu" {rF+ Slay+6} (You bought it in a shop on level 4 of the Orcish Mines)
 26726 | Orc:4    | Received a gift from Trog
 27291 | Temple   | Entered the Ecumenical Temple
 27322 | Temple   | Upgraded the game from 0.17-a0-1804-gf6433eb to 0.17-a0-1831-gaadb308
 27674 | Elf:1    | Entered Level 1 of the Elven Halls
 28065 | Elf:1    | Received a gift from Trog
 28340 | Elf:1    | Found a flickering gateway to a bazaar.
 28353 | Bazaar   | Entered a bazaar
 28364 | Bazaar   | Found Ufatan's Gadget Emporium.
 28368 | Bazaar   | Found Ivuorch's Gadget Emporium.
 28375 | Bazaar   | Found Ymown's General Store.
 28377 | Bazaar   | Bought a wand of digging (5) for 126 gold pieces
 28384 | Bazaar   | Bought a bread ration for 65 gold pieces
 28384 | Bazaar   | Bought a meat ration for 65 gold pieces
 28386 | Bazaar   | Found Amounion's Antique Armour Boutique.
 28394 | Bazaar   | Bought a smoking scale mail for 261 gold pieces
 28394 | Bazaar   | Identified the +6 scale mail "Poytzaup" {rElec Str-3 Dex+2} (You bought it in a shop in a bazaar)
 28870 | Elf:2    | Found Sifouch's Jewellery Shop.
 28881 | Elf:2    | Bought an uncursed amulet of guardian spirit for 360 gold pieces
 28904 | Elf:2    | Reached XP level 16. HP: 135/144 MP: 3/22
 29015 | Elf:2    | Found an ancient bone altar of Kikubaaqudgha.
 29028 | Elf:2    | Received a gift from Trog
 29518 | Elf:2    | Got a warped bone ring
 29519 | Elf:2    | Identified the ring "Opulewko" {rF+ Str+4 Int-3 Dex+3 Stlth-} (You found it on level 2 of the Elven Halls)
 29592 | Elf:2    | Found a huge runed gate.
 29592 | Elf:2    | Found a huge runed gate.
 29594 | Elf:2    | Found a huge runed gate.
 29595 | Elf:2    | Found a huge runed gate.
 29596 | Elf:2    | Found a huge runed gate.
 29892 | Elf:2    | Reached skill level 17 in Staves
 30671 | Elf:2    | Noticed Jorgrun
 30703 | Elf:2    | Cast into the Abyss (glaive of distortion)
 30910 | Abyss:1  | Received a gift from Trog
 31130 | Abyss:1  | Noticed a tentacled starspawn
 31157 | Abyss:1  | Killed a tentacled starspawn
 31162 | Abyss:1  | HP: 7/147 [white ugly thing (8)]
 31164 | Abyss:1  | Noticed a tentacled starspawn
 31173 | Abyss:1  | Killed a tentacled starspawn
 31173 | Abyss:1  | Reached skill level 15 in Fighting
 31178 | Abyss:1  | Noticed a tentacled starspawn
 31180 | Abyss:1  | Noticed a bone dragon
 31180 | Abyss:1  | Paralysed by accursed screaming for 1 turns
 31181 | Abyss:1  | HP: 2/149 [starcursed mass/accursed screaming (8)]
 31181 | Abyss:1  | Mangled by a starcursed mass

Vault maps used:
D:1:      saegor_arrival_simple_d
D:2:      okawaru_ov_weapons_minmay, vehumet_crystals, first_bread
D:4:      kennysheep_mini, uniq_robin
D:5:      lemuel_coloured_pillars_altar, nemelex_xobeh_ov_fountains_minmay,
          temple_green, portal_sewer_entry_b, minmay_misc_feat_nine_boxes,
          minmay_stone_trees_small
D:7:      kennysheep_little_box, basic_altar
D:8:      grunt_temple_overflow_diamond, uniq_erica, uniq_joseph
D:9:      kennysheep_mini_moat, old_standard_altar
D:10:     uniq_nergalle, uniq_fannar
D:11:     grunt_lair_entry_elf_guard_hut, serial_shops, shop, shop,
          nicolae_shop_statue_plus, shop
D:12:     david_orc_4, enter_trove_5, uniq_harold, uniq_urug, uniq_gastronok
Temple:   minmay_temple_bridge_a_8
Lair:1:   wad_woods_river_02, zaba_antful_of_joy, grunt_megastairs_2
Lair:2:   grunt_megastairs_5, bh_autumn_forest_stairs
Lair:3:   grunt_forest_stairs_clearing, serial_bayou_shore_b,
          serial_bayou_shore_b, serial_bayou_shore_b
Lair:4:   minmay_lair_oklob_chamber, spider_nest_entry_funnel_web,
          portal_ice_cave_entry_imps, wad_woods_road_03,
          infiniplex_staircase_pool
Lair:5:   minmay_swamp_entry_reptiles, special_room, st_stairs_6,
          beast_lair_carwin_7
Lair:6:   st_stairs_6, minmay_lair_oklob_bushes, serial_bayou_shore_b,
          serial_bayou_shore_b, lemuel_fruit_tree
Lair:7:   st_stairs_11, minivault_23, uniq_josephine
Lair:8:   evilmike_catoblepas_cave, slime_altar_2, enter_volcano_1
Orc:2:    basic_altar, enter_bailey_3
Orc:3:    nicolae_orc_accident_3, nicolae_orc_pool_cavern
Orc:4:    st_orc_elflike, serial_shops, shop, lemuel_statue_altar, uniq_donald,
          uniq_azrael
Elf:1:    eino_elf_arrival_the_gate, serial_shops, bzr_entry_islet, minivault_28
Elf:2:    serial_shops, shop_statue, basic_altar, uniq_jorgrun
Bazaar:   bazaar_kb_twisted_cavern
Sewer:    kennysheep_sewer_church
Bailey:   bailey_polearm_1, bailey
IceCv:    ice_cave_caverns_01
Volcano:  volcano_bunker

Action                   |  1- 3 |  4- 6 |  7- 9 | 10-12 | 13-15 | 16-18 || total
-------------------------+-------+-------+-------+-------+-------+-------++-------
Melee: Hand axe          |    68 |    73 |   216 |       |       |       ||   357
       War axe           |       |       |    32 |   468 |   379 |       ||   879
       Battleaxe         |       |       |       |   197 |   101 |       ||   298
       Staff             |       |       |       |     8 |   152 |    71 ||   231
       Quarterstaff      |       |       |       |       |   674 |   146 ||   820
       Lajatang          |       |       |       |       |       |    18 ||    18
 Fire: Hand crossbow     |       |       |       |     4 |       |       ||     4
       Arbalest          |       |       |       |     8 |    21 |    11 ||    40
Invok: Berserk           |       |     3 |     1 |    11 |     5 |     1 ||    21
       Burn Spellbooks   |       |       |       |       |     1 |       ||     1
       Trog's Hand       |       |       |       |       |       |     1 ||     1
       Brothers in Arms  |       |       |       |       |       |     1 ||     1
Evoke: Wand              |       |       |     4 |       |     4 |       ||     8
  Use: Scroll            |     5 |     4 |     5 |    21 |    13 |     4 ||    52
       Potion            |     2 |     5 |     3 |     1 |     8 |     1 ||    20
 Stab: Sleeping          |     3 |       |       |       |       |       ||     3
       Petrified         |       |       |       |       |     3 |       ||     3
       Distracted        |       |       |       |       |       |     1 ||     1
  Eat: Pizza             |     1 |     1 |       |       |       |       ||     2
       Beef jerky        |     1 |       |     2 |     1 |     2 |       ||     6
       Bread ration      |       |     1 |     1 |     5 |     1 |       ||     8
       Meat ration       |       |       |     2 |     3 |     3 |     1 ||     9
       Chunk             |       |       |       |       |     3 |       ||     3
       Fruit             |       |       |       |       |     6 |       ||     6
       Royal jelly       |       |       |       |       |    12 |       ||    12
